cohdb
Replays
Latest Replays
All Replays
Popular Replays
Top Player Replays
Match Explorer
How It Works
Community
CoH3 Stats
Reddit
Sign in to upload your games and track your stats! →
Sign in with Steam
Match 43741798
Unlisted
Match 43741798
Overview
Messages
Build Orders
End
Kradschützen Motorcycle Team
Selects Italian Infantry
Panzergrenadier Squad
Panzerpioneer Squad
Construct Light Support Kompanie
MG34 Team
Fire Support Elements
Flakvierling Half-track
Selects Guastatori Squad
Guastatori Squad
Selects Defensive Operations
Pak 38 Mechanized Group
Construct Mechanized Kompanie
Pak 38 Anti-tank Gun Team
Selects Prepared Positions
Guastatori Squad
Pak 38 Anti-tank Gun Team
MG34 Team
Selects L6/40 Light Tank Combat Group
Selects Towed Cannone da 105/28 Field Howitzer
Guastatori Squad
MG34 Team
MG34 Team
MG34 Team
Kradschützen Motorcycle Team
Panzerjäger Mechanized Group
MrGlaucus
Discoverer
silverticket
TechBee
0
0
Comments
sign in to comment!
No comments posted yet!